Map: New Repugnancy LE

Players

Reynor - Winner!

  • Race: Zerg Zerg
  • League: Master
  • Spawn Location: 1:00

Lambo

  • Race: Zerg Zerg
  • League: Master
  • Spawn Location: 7:00

Event: 2019 WCS Winter Europe

VOD

Have the link to the VOD?

Description

Time

  • Played on: March 23, 2019, 11:37 a.m.
  • Length: 7:19

All games in this series

Show
View Real Time Build Order
Export as new Build Order

Reynor Zerg - Winner!

Build Orders: Hatch First 

Get SALT Encoding   

  12  0:00  Drone  
  13  0:12  Overlord  
  13  0:16  Drone  
  14  0:30  Drone x2  
  16  0:47  Hatchery  
  15  0:52  Drone  
  15  0:55  Drone  
  17  0:58  Drone  
  18  1:09  Extractor  
  17  1:15  Spawning Pool  
  17  1:17  Drone  
  17  1:21  Drone  
  18  1:27  Drone  
  19  1:39  Overlord  
  19  2:02  Queen x2, Zergling x6  
  26  2:10  Metabolic Boost  
  26  2:13  Drone  
  27  2:16  Drone  
  28  2:23  Drone x2  
  30  2:41  Drone  
  30  2:43  Hatchery, Drone  
  31  2:51  Overlord  
  31  2:52  Drone  
  32  3:02  Zergling x2  
  32  3:03  Zergling x2  
  34  3:11  Zergling x8  
  34  3:12  Zergling x6  
  40  3:17  Zergling x4  
  42  3:20  Overlord  
  42  3:27  Drone  
  42  3:28  Drone  
  42  3:38  Drone  
  43  3:43  Drone  
  44  3:49  Queen  
  44  3:50  Zergling x4, Baneling Nest  
  47  4:00  Zergling x2  
  47  4:01  Zergling x6  
  45  4:11  Zergling x10  
  45  4:14  Zergling x2  
  51  4:19  Zergling x4  
  51  4:22  Overlord  
  54  4:29  Zergling x4  
  56  4:33  Overlord  
  53  4:38  Baneling x3  
  53  4:39  Baneling, Zergling x2  
  53  4:40  Zergling x2  
  53  4:42  Zergling x10  
  58  4:47  Drone x2  
  58  4:52  Drone  
  61  4:57  Zergling x2  
  62  5:06  Drone x2  
  62  5:07  Drone  
  61  5:08  Drone  
  61  5:13  Baneling x2  
  61  5:15  Zergling x12  
  61  5:17  Overlord  
  61  5:21  Drone x2  
  69  5:25  Baneling x3  
  68  5:31  Extractor, Roach Warren  
  68  5:33  Drone x2  
  68  5:40  Drone x3  
  70  5:43  Extractor  
  70  5:44  Evolution Chamber  
  70  5:46  Drone x2  
  66  5:57  Drone x3  
  66  6:02  Overlord  
  69  6:13  Roach x6  
  80  6:21  Overlord  
  80  6:23  Roach x3  
  83  6:30  Roach x3  
  85  6:33  Overlord  
  84  6:42  Roach x3  
  81  6:53  Zergling x16  
  75  6:55  Roach  
  75  6:57  Baneling  
  75  6:58  Zergling x2  
Show
View Real Time Build Order
Export as new Build Order

Lambo Zerg 

Build Orders: Hatch First 

Get SALT Encoding   

  12  0:00  Drone  
  13  0:12  Overlord  
  13  0:17  Drone  
  14  0:32  Drone x2  
  16  0:48  Hatchery  
  15  0:51  Drone  
  15  0:55  Drone  
  17  0:59  Drone  
  18  1:09  Extractor  
  17  1:14  Spawning Pool  
  17  1:17  Drone  
  17  1:20  Drone  
  18  1:27  Drone  
  19  1:38  Drone  
  20  1:49  Drone  
  21  2:00  Queen x2  
  26  2:01  Overlord, Drone  
  26  2:09  Metabolic Boost  
  26  2:11  Drone  
  26  2:14  Drone  
  28  2:21  Zergling x2  
  28  2:22  Zergling x2  
  30  2:34  Zergling x4  
  32  2:39  Hatchery  
  32  2:43  Drone  
  32  2:46  Overlord  
  32  2:57  Drone  
  33  3:00  Drone  
  34  3:08  Overlord  
  34  3:10  Drone  
  35  3:15  Drone x2  
  37  3:20  Zergling x10  
  37  3:24  Spine Crawler  
  41  3:27  Baneling Nest  
  39  3:35  Zergling x4  
  42  3:41  Zergling x2  
  42  3:42  Zergling x8  
  47  3:50  Zergling x6  
  50  3:58  Overlord  
  50  4:02  Zergling x6  
  47  4:09  Drone x2  
  45  4:13  Drone  
  45  4:15  Drone  
  45  4:16  Drone x4  
  51  4:17  Roach Warren  
  51  4:19  Baneling  
  51  4:21  Drone  
  51  4:22  Queen  
  53  4:36  Zergling x12  
  55  4:41  Zergling x2  
  55  4:43  Extractor  
  55  4:44  Extractor  
  54  4:47  Drone x4  
  54  4:48  Drone  
  58  4:54  Baneling  
  58  4:55  Zergling x6  
  59  5:00  Zergling x6  
  59  5:06  Roach  
  46  5:10  Baneling x2  
  44  5:15  Roach x3  
  50  5:21  Roach  
  50  5:22  Roach  
  54  5:29  Roach x2  
  58  5:39  Roach x3  
  57  5:43  Roach  
  56  5:57  Zergling x6  
  58  6:11  Baneling x3  
  58  6:15  Zergling x2  
  59  6:20  Overlord  
  59  6:21  Zergling x6  
  59  6:25  Overlord  
  59  6:31  Zergling x2  
  59  6:33  Baneling x3  
  59  6:38  Zergling x4  
  60  6:45  Zergling x4  
  59  6:52  Zergling x2  
  56  6:54  Zergling x2  
  56  6:55  Zergling x2  
  56  6:58  Zergling x4  
  56  6:59  Zergling x2  
Tags
 
Add a new tag
Caveats
  • Supply blocks, unpowered buildings, or Contaminate may cause inaccurate times.
  • Supply counts are checked every 10 seconds.